 Dungeon Crawl Stone Soup version 0.28.0-47-ge53b351184 (webtiles) character file.

Game seed: 390708180340409583

277 Peloso the Covered (level 6, -12/55 HPs)
             Began as a Minotaur Fighter on May 7, 2022.
             Killed from afar by a steam dragon (19 damage)
             ... with a ball of steam
             ... on level 4 of the Dungeon.
             The game lasted 00:02:42 (2407 turns).

Peloso the Covered (Minotaur Fighter)               Turns: 2407, Time: 00:02:42

Health: -12/55     AC: 12    Str: 21    XL:     6   Next: 4%
Magic:  5/5        EV:  6    Int:  5    God:
Gold:   139        SH:  5    Dex: 11    Spells: 5/5 levels left

rFire   . . .      SeeInvis .   a - +0 long sword
rCold   . . .      Faith    .   c - +0 buckler
rNeg    . . .      Spirit   .   j - +0 plate armour
rPois   .          Reflect  .   (helmet restricted)
rElec   .          Harm     .   (no cloak)
rCorr   .          Rampage  .   (no gloves)
Will    .....                   (no boots)
Stlth   ..........              (no amulet)
HPRegen 0.18/turn               (no ring)
MPRegen 0.09/turn               (no ring)

@: no status effects
A: horns 2, retaliatory headbutt
a: no special abilities


You were on level 4 of the Dungeon.
You visited 1 branch of the dungeon, and saw 4 of its levels.

You collected 139 gold pieces.

Inventory:

Hand Weapons
 a - a +0 long sword (weapon)
Armour
 b - a +0 scale mail
 c - a +0 buckler (worn)
 j - a +0 plate armour (worn)
Scrolls
 e - 2 scrolls of identify {unknown}
 f - a scroll of amnesia {unknown}
 l - a scroll of teleportation {unknown}
 m - a scroll of enchant weapon {unknown}
 n - a scroll of noise {unknown}
Potions
 d - 3 potions of might
 g - 2 potions of curing {unknown}
 h - a potion of lignification {unknown}
 i - a potion of heal wounds {unknown}
 k - a potion of attraction {unknown}


   Skills:
 + Level 4.8 Fighting
 + Level 5.2 Long Blades
 + Level 5.2 Armour
 + Level 0.1 Dodging
 + Level 4.4 Shields


You had 5 spell levels left.
You didn't know any spells.
Your spell library was empty.

Dungeon Overview and Level Annotations

Branches:
Dungeon (4/15)
 Temple: D:4-7

Altars:
Sif Muna

Shops:
D:4 (


Innate Abilities, Weirdness & Mutations

You have a pair of horns on your head.
You reflexively headbutt those who attack you in melee.


Message History

The steam dragon bites you but does no damage.
The steam dragon claws you but does no damage.
You slash the steam dragon!
The steam dragon is heavily wounded.
You block the steam dragon's attack. The steam dragon barely misses you.
You closely miss the steam dragon.
You headbutt the steam dragon, but do no damage.
The steam dragon is heavily wounded.
The steam dragon bites you but does no damage.
The steam dragon claws you but does no damage.
You closely miss the steam dragon.
The steam dragon is heavily wounded.
You block the steam dragon's attack. The steam dragon claws you.
You hit the steam dragon. Your headbutt misses the steam dragon.
The steam dragon is severely wounded.
The steam dragon breathes steam at you. The ball of steam hits you!!
The steam dragon bites you. The steam dragon closely misses you.
You barely miss the steam dragon.
The steam dragon is severely wounded.
You are engulfed in a cloud of scalding steam.
You block the steam dragon's attack. x2
You hit the steam dragon but do no damage.
The steam dragon is severely wounded.
The steam dragon breathes steam at you. The ball of steam hits you!
* * * LOW HITPOINT WARNING * * *
You hit the steam dragon. You headbutt the steam dragon.
The steam dragon is almost dead.
You are engulfed in a cloud of scalding steam.
The steam dragon bites you but does no damage.
You block the steam dragon's attack.
Unknown command.
You hit the steam dragon but do no damage.
The steam dragon is almost dead.
You are engulfed in a cloud of scalding steam.
* * * LOW HITPOINT WARNING * * *
The steam dragon breathes steam at you. The ball of steam hits you!!
You die...

.. ..#............# .
..####.#............##.
#.....#..............#
#+#..........8.....)....
.............(.........†
...........>...8........
........$.........<.....
.......D.8...∩...8......
.......@................
...........8...<........
.......§....|......#....
.......§.....8.....+....
.......§....##...###....
............##...# #...
............##...# #...
##.........## $..# #...
....


You could see a steam dragon (catching breath).

Vanquished Creatures
  A necrophage (D:4)
  A phantom (D:2)
  A scorpion (D:4)
  A howler monkey zombie (D:4)
  A white imp (D:4)
  An ufetubus (D:4)
  A worm (D:2)
  A dart slug (D:1)
  An orc (D:4)
  2 endoplasms
  3 goblins
  8 hobgoblins
  5 kobolds
  A quokka (D:2)
  3 ball pythons
  6 bats
  3 frilled lizards
  A rat (D:1)
41 creatures vanquished.

Notes
Turn   | Place    | Note
-------+----------+-------------------------------------------
     0 | D:1      | Peloso the Minotaur Fighter began the quest for the Orb.
     0 | D:1      | Reached XP level 1. HP: 19/19 MP: 0/0
   492 | D:1      | Reached XP level 2. HP: 27/27 MP: 1/1
  1022 | D:2      | Found a faded altar of an unknown god.
  1085 | D:2      | Found a shimmering blue altar of Sif Muna.
  1558 | D:2      | Noticed a phantom
  1563 | D:2      | Killed a phantom
  1564 | D:2      | Reached XP level 3. HP: 31/34 MP: 2/2
  1564 | D:2      | Reached XP level 4. HP: 38/41 MP: 3/3
  2222 | D:4      | Noticed a scorpion
  2231 | D:4      | Killed a scorpion
  2232 | D:4      | Reached XP level 5. HP: 43/47 MP: 4/4
  2353 | D:4      | Noticed a necrophage
  2366 | D:4      | Killed a necrophage
  2367 | D:4      | Reached skill level 5 in Long Blades
  2367 | D:4      | Reached skill level 5 in Armour
  2375 | D:4      | Reached XP level 6. HP: 52/53 MP: 5/5
  2382 | D:4      | Found Noch's Weapon Emporium.
  2392 | D:4      | Noticed a steam dragon
  2407 | D:4      | Killed from afar by a steam dragon

Illustrated notes

Levels and vault maps discovered:
D:1:      scummos_arrival_star, layout_basic, chequers_arboretum,
          amcnicky_mini_pool_small, minmay_misc_feat_encased,
          hangedman_decor_push
D:2:      layout_basic, hellmonk_ecumenical_altar_lost_god, serial_forest,
          infiniplex_forest_end_1, infiniplex_forest_corner_1,
          infiniplex_forest_straight_1, infiniplex_forest_lined_2,
          infiniplex_forest_lined_2, infiniplex_forest_lined_room_3,
          infiniplex_forest_clump_double, infiniplex_forest_clump_curved,
          basic_altar
D:3:      minmay_goblin_kobold_castle, layout_loops_corners, lemuel_round_altar,
          nicolae_vehumet_radiance, slow_altar_2,
          nicolae_concentric_dashed_squares_wild, uniq_robin
D:4:      layout_basic, serial_shops, nicolae_stop_n_shop_1, kennysheep_dice

Skill      XL: |  1  2  3  4  5 |
---------------+----------------+-----
Fighting       | 4 |  4.8
Long Blades    | 3 4 5 |  5.2
Armour         | 4 5 |  5.2
Shields        | 4 |  4.4
Dodging        | |  0.1

Action                   |  1- 3 |  4- 6 || total
-------------------------+-------+-------++-------
Melee: Long sword        |    53 |    66 ||   119
       Headbutt          |     7 |    14 ||    21
Armor: Scale mail        |     3 |       ||     3
       Plate armour      |    40 |    54 ||    94
Dodge: Dodged            |    17 |    19 ||    36
Block: Buckler           |    11 |    23 ||    34
